 Dungeon Crawl Stone Soup version 0.25-a0-35-g747a2b3c0c (webtiles) character file.

Game seed: 16591089747966903348, levelgen mode: deterministic

145 Arixos the Skirmisher (level 5, -5/42 HPs)
             Began as a Demonspawn Monk on Oct 18, 2019.
             Slain by an orc
             ... wielding a +0 club
              (6 damage)
             ... on level 3 of the Dungeon.
             The game lasted 00:08:17 (3056 turns).

Arixos the Skirmisher (Demonspawn Monk)             Turns: 3056, Time: 00:08:18

Health: -5/42      AC:  3    Str: 12    XL:     5   Next: 6%
Magic:  5/5        EV: 14    Int: 11    God:
Gold:   134        SH:  0    Dex: 16    Spells: 4/4 levels left

rFire    . . .     SeeInvis .   c - -1 long sword (curse)
rCold    . . .     Gourm    .   (no shield)
rNeg     . . .     Faith    .   a - +0 robe
rPois    .         Spirit   .   (no helmet)
rElec    .         Reflect  .   e - +0 cloak
rCorr    .         Harm     .   (no gloves)
MR       .....                  (no boots)
Stlth    ..........             (no amulet)
HPRegen  0.14/turn              j - ring of attention (curse)
MPRegen  0.09/turn              (no ring)

@: confused
A: talons 1, demonic guardian 1, powered by pain 2
a: no special abilities


You were on level 3 of the Dungeon.
You were not hungry.

You visited 1 branch of the dungeon, and saw 3 of its levels.

You collected 134 gold pieces.

Inventory:

Hand Weapons
 c - a cursed -1 long sword (weapon)
 o - a +0 trident
Missiles
 h - 8 poisoned darts (quivered)
Armour
 a - a +0 robe (worn)
 e - a +0 cloak (worn)
Jewellery
 j - a cursed ring of attention (left hand)
Scrolls
 f - a scroll of teleportation
 p - a scroll of identify
Potions
 d - a potion of resistance {unknown}
 g - 2 potions of haste {unknown}
 k - a potion of mutation {unknown}
 l - a potion of berserk rage {unknown}
 m - a potion of heal wounds {unknown}
 n - a potion of brilliance {unknown}
Comestibles
 b - 5 rations


   Skills:
 + Level 4.1 Fighting
 + Level 2.3 Armour
 + Level 3.7 Dodging
 - Level 1.7 Stealth
 - Level 2.6 Unarmed Combat


You had 4 spell levels left.
You didn't know any spells.
Your spell library was empty.

Dungeon Overview and Level Annotations

Branches:
Dungeon (3/15)

Altars:


Innate Abilities, Weirdness & Mutations

You have sharp toenails.
A weak demonic guardian rushes to your aid.
You sometimes gain power by taking damage.


Message History

You closely miss something. Something hits you.
* * * LOW HITPOINT WARNING * * *
Something hits you but does no damage. The bat barely misses you.
The bat closely misses you.
You hear some strange, mumbled words.
You are confused.
The bat closely misses you. The bat hits you but does no damage.
Something hits you but does no damage.
You're too confused to move!
The bat closely misses you.
You hit the bat.
You kill the bat!
You hear some strange, mumbled words.
A magic dart appears from out of thin air!
The magic dart hits you.
* * * LOW HITPOINT WARNING * * *
The orc closely misses you.
You bump into the rock wall.
Something hits you.
* * * LOW HITPOINT WARNING * * *
The orc hits you with a +0 club.
You die...

.................# #.#
#.# #######.######.###
#.# #.# #.# #.# #.# #.#
#.# #.# #.#####.# #.#
#.# ######.......## #.#
#.# #.............. #.#
#.####.############. #.#
#.#{o)..).# #. #.#
#.#@#####.###### #. #.#
##.#†# #.##.<.# #.
#....# #......# #.
####....# #.##...# #.
......#.#####o# #.## #.
#..?........# #)# #.
#.....#...#####÷# #.
.....(..##........#####.
........#...#.###.......


You could see an orc.

Vanquished Creatures
  An iguana (D:3)
  3 adders (D:2)
  2 worms (D:2)
  A leopard gecko (D:2)
  An orc (D:3)
  9 bats
  3 giant cockroaches (D:1)
  4 goblins
  5 hobgoblins
  2 jackals (D:3)
  5 kobolds
  A quokka (D:2)
  A ball python (D:2)
  A frilled lizard (D:2)
  10 rats
49 creatures vanquished.

Vanquished Creatures (collateral kills)
  An ogre (D:3)
  2 jackals (D:3)
3 creatures vanquished.

Grand Total: 52 creatures vanquished

Notes
Turn   | Place    | Note
-------+----------+-------------------------------------------
     0 | D:1      | Arixos the Demonspawn Monk began the quest for the Orb.
     0 | D:1      | Reached XP level 1. HP: 18/18 MP: 1/1
   292 | D:1      | Gained mutation: A weak demonic guardian rushes to your
                  | aid. [demonic ancestry]
   292 | D:1      | Reached XP level 2. HP: 21/24 MP: 2/2
   642 | D:1      | Reached skill level 1 in Armour
  1231 | D:2      | Gained mutation: You have sharp toenails. [demonic
                  | ancestry]
  1231 | D:2      | Reached XP level 3. HP: 14/29 MP: 3/3
  2021 | D:2      | Gained mutation: You sometimes gain a little power by
                  | taking damage. [demonic ancestry]
  2021 | D:2      | Reached XP level 4. HP: 37/37 MP: 4/4
  2687 | D:3      | Noticed an ogre
  2698 | D:3      | Killed an ogre
  2698 | D:3      | Reached skill level 4 in Fighting
  2757 | D:3      | Gained mutation: You sometimes gain power by taking damage.
                  | [demonic ancestry]
  2757 | D:3      | Reached XP level 5. HP: 8/42 MP: 5/5
  3056 | D:3      | HP: 1/42 [something (3)]
  3056 | D:3      | Slain by an orc

Levels and vault maps discovered:
D:1:      onia_arrival_larder, layout_loops_corners
D:2:      layout_basic
D:3:      layout_loops_ring, okawaru_trees_1

Skill      XL: |  1  2  3  4 |
---------------+-------------+-----
Armour         | 1 2 |  2.3
Dodging        | 3 |  3.7
Fighting       | 4 |  4.1
Stealth        | |  1.7
Unarmed Combat | |  2.6

Action                   |  1- 3 |  4- 6 || total
-------------------------+-------+-------++-------
Melee: Unarmed           |   104 |       ||   104
       Punch             |     1 |       ||     1
       Long sword        |    31 |    44 ||    75
       Kick              |    14 |    12 ||    26
  Use: Scroll            |     5 |     1 ||     6
 Stab: Sleeping          |     8 |       ||     8
  Eat: Chunk             |     4 |     3 ||     7
Armor: Robe              |    26 |     8 ||    34
Dodge: Dodged            |    96 |    39 ||   135
       Rpst.: Long sword |     7 |    14 ||    21

Table legend:
 A = Non-vault XP
 B = Vault XP
 C = Vault XP percentage of total XP
 D = Non-vault monster count
 E = Vault monster count
 F = Vault count percentage of total count
                 A         B        C        D         E       F
            +---------+---------+-------+---------+---------+-------
      Total |     201 |       7 |   3.4 |      47 |       5 |   9.6
            +---------+---------+-------+---------+---------+-------
        D:1 |      22 |       7 |  24.1 |      13 |       5 |  27.8
        D:2 |      72 |       0 |   0.0 |      19 |       0 |   0.0
        D:3 |     107 |       0 |   0.0 |      15 |       0 |   0.0
            +---------+---------+-------+---------+---------+-------
